General information
- name: grudge1
- type: Ladder 1vs1/FFA
- host: evil_pengoon
- saver: WWGT]Huginn
map: EchoIcicles
- players: 9
- length: 33:42
- speed: Fast
- version: 1.21 W3XP
- replay type: Public
» download(132 KB)
Players
team 1 (loser)

»
WWGT]Huginn (
green | 99 APM | 3332 actions | 33:42)
4 Death Knight
2 Death Coil
2 Unholy Aura
3 Lich
2 Frost Nova
1 Dark Ritual
» actions
| Assign group hotkey | 125 | |
| Basic commands | 37 | |
| Build / train | 75 | |
| Enter build submenu | 31 | |
| Enter hero's abilities submenu | 7 | |
| Remove unit from queue | 2 | |
| Right click | 1824 | |
| Select / deselect | 572 | |
| Select group hotkey | 546 | |
| Use ability | 113 | |
3332 total
» units
| Acolyte | 13 | |
| Ghoul | 17 | |
| Obsidian Statue | 9 | |
| Abomination | 4 | |
| Crypt Fiend | 3 | |
46 total
» upgrades
| Destroyer Form | 1 | |
| Ghoul Frenzy | 1 | |
| Creature Carapace | 2 | |
| Disease Cloud | 1 | |
| Web | 1 | |
6 total
» buildings
| Crypt | 1 | |
| Ziggurat | 11 | |
| Altar of Darkness | 1 | |
| Tomb of Relics | 1 | |
| Nerubian Tower | 2 | |
| Halls of the Dead | 1 | |
| Graveyard | 1 | |
| Black Citadel | 1 | |
| Slaughterhouse | 2 | |
| Sacrificial Pit | 1 | |
| Spirit Tower | 2 | |
| Necropolis | 1 | |
25 total
» build order
00:06 Crypt
00:07 Ziggurat
00:32 Altar of Darkness
01:20 Tomb of Relics
01:23 Ziggurat
02:11 Nerubian Tower
03:20 Halls of the Dead
05:18 Graveyard
05:23 Ziggurat
05:26 Ziggurat
06:15 Black Citadel
06:44 Slaughterhouse
08:04 Slaughterhouse
08:21 Ziggurat
11:23 Ziggurat
13:17 Sacrificial Pit
14:07 Ziggurat
24:47 Ziggurat
24:48 Ziggurat
25:42 Nerubian Tower
25:42 Spirit Tower
29:09 Ziggurat
31:03 Necropolis
31:05 Spirit Tower
31:58 Ziggurat
» items
| Rod of Necromancy | 2 | |
| Dust of Appearance | 1 | |
| Scroll of Town Portal | 2 | |
| Orb of Corruption | 1 | |
6 total
team 2 (winner)

»
WWGT]Dagda (
red | 117 APM | 3954 actions | 33:42)
5 Blademaster
3 Wind Walk
2 Critical Strike
4 Tauren Chieftain
2 War Stomp
2 Endurance Aura
5 Shadow Hunter
2 Hex
3 Healing Wave
» actions
| Assign group hotkey | 1020 | |
| Basic commands | 34 | |
| Build / train | 123 | |
| ESC pressed | 9 | |
| Enter build submenu | 34 | |
| Enter hero's abilities submenu | 13 | |
| Give item / drop item | 9 | |
| Remove unit from queue | 1 | |
| Right click | 1440 | |
| Select / deselect | 359 | |
| Select group hotkey | 684 | |
| Use ability | 228 | |
3954 total
» units
| Peon | 20 | |
| Grunt | 6 | |
| Raider | 4 | |
| Troll Batrider | 17 | |
| Wind Rider | 3 | |
| Kodo Beast | 1 | |
51 total
» upgrades
| Berserker Strength | 1 | |
| Ensnare | 1 | |
| Reinforced Defenses | 1 | |
| Berserker Upgrade | 1 | |
| Envenomed Spears | 1 | |
| Liquid Fire | 1 | |
| Ranged Weapons | 1 | |
7 total
» buildings
| Altar of Storms | 1 | |
| Orc Burrow | 6 | |
| Barracks | 1 | |
| Voodoo Lounge | 2 | |
| Stronghold | 1 | |
| Fortress | 1 | |
| Beastiary | 5 | |
| War Mill | 1 | |
| Watch Tower | 12 | |
30 total
» build order
00:07 Altar of Storms
00:17 Orc Burrow
00:34 Barracks
01:38 Orc Burrow
02:01 Voodoo Lounge
03:24 Stronghold
03:49 Orc Burrow
06:04 Fortress
06:54 Beastiary
07:24 War Mill
08:17 Orc Burrow
11:12 Watch Tower
11:12 Watch Tower
12:25 Beastiary
12:27 Watch Tower
12:28 Watch Tower
14:48 Orc Burrow
15:58 Watch Tower
15:59 Watch Tower
19:15 Voodoo Lounge
19:28 Watch Tower
19:29 Watch Tower
19:45 Beastiary
21:35 Watch Tower
21:36 Watch Tower
21:50 Watch Tower
22:59 Beastiary
23:31 Beastiary
25:43 Orc Burrow
» items
| Healing Salve | 8 | |
| Staff of Teleportation | 1 | |
| Scroll of Speed | 3 | |
| Lesser Clarity Potion | 6 | |
| Orb of Lightning | 1 | |
| Scroll of Town Portal | 4 | |
| Potion of Healing | 2 | |
| Tiny Great Hall | 1 | |
| Potion of Lesser Invulnerability | 4 | |
| Scroll of Healing | 3 | |
33 total
observersevil_pengoon,
BEAR_AND,
Chopstix,
digitalJESUS,
GapInTheTooth,
WWGT]ShakaZahn,
WWGT]Terrordar Chat log
(00:18 / All) WWGT]Huginn: ww hf
(00:23 / All) WWGT]Dagda: gl hf
(03:53 / All) WWGT]Huginn: huhm
(04:00 / All) WWGT]Huginn: yo?
(04:05 / All) WWGT]Dagda: i'm here
(04:06 / All) WWGT]Dagda: wtf
(04:09 / All) WWGT]Huginn: go?
(04:12 / All) WWGT]Dagda: sure
(33:39 / All) WWGT]Huginn: well can we just start another game
(33:40 / All) WWGT]Huginn: well played